 Dungeon Crawl Stone Soup version 0.31.0-32-g396128a36d (webtiles) character file.

Game seed: 4980236262037869098

140 mainiacjoe the Sneak (level 5, -3/38 HPs)
             Began as an Octopode Delver on Apr 7, 2024.
             Slain by a bullfrog (8 damage)
             ... in a sewer.
             The game lasted 00:05:23 (813 turns).

mainiacjoe the Sneak (Octopode Delver)               Turns: 813, Time: 00:05:24

Health: -3/38      AC:  1    Str: 11    XL:     5   Next: 23%
Magic:  5/5        EV: 11    Int: 15    God:
Gold:   0          SH:  0    Dex: 13    Spells: 4/4 levels left

rFire   . . .        a - +0 short sword
rCold   . . .        (no shield)
rNeg    . . .        (helmet restricted)
rPois   .            (no amulet)
rElec   .            (no ring)
rCorr   .            (no ring)
SInv    .            (no ring)
Will    .....        (no ring)
Stlth   +++++        (no ring)
HPRegen 0.26/turn    (no ring)
MPRegen 0.09/turn    (no ring)
                     (no ring)

%: no passive effects
@: constricted
A: almost no armour, amphibious, 8 rings, camouflage 1, gelatinous body 1,
nimble swimmer 1, tentacles
a: no special abilities


You were in a sewer.
You visited 1 branch of the dungeon, and saw 4 of its levels.
You also visited: Sewer.

Inventory:

Hand Weapons
 a - a +0 short sword (weapon)
Wands
 f - a wand of digging (3)
Scrolls
 b - a scroll of fog
 c - 3 scrolls of revelation
 d - 3 scrolls of fear
 g - a scroll of identify {unknown}
 h - a scroll of teleportation {unknown}
 m - a scroll of vulnerability {unknown}
Potions
 e - 2 potions of haste
 i - a potion of attraction {unknown}
 j - a potion of brilliance {unknown}
 k - a potion of resistance {unknown}
 l - a potion of might {unknown}
 n - a potion of enlightenment {unknown}
 o - a potion of heal wounds {unknown}


   Skills:
 + Level 4.5 Fighting
 - Level 2.0 Short Blades
 + Level 3.9 Dodging
 - Level 6.6 Stealth


You had 4 spell levels left.
You didn't know any spells.
Your spell library was empty.

Dungeon Overview and Level Annotations

Branches:
Dungeon (6/15)              Sewer (1/1)
 Temple: D:4-7

Altars:


Innate Abilities, Weirdness & Mutations

You cannot wear most types of armour.
You are amphibious.
You can wear up to eight rings at the same time.
Your skin changes colour to match your surroundings (Stealth+).
Your rubbery body absorbs attacks. (AC +1, EV +1)
You are camouflaged when in or above water. (Stealth+)
You have tentacles for arms and can constrict up to eight enemies at once.


Message History

You kill the adder!
A bullfrog comes into view.
The ball python bites you. The ball python closely misses you. x3
The ball python bites you. The ball python barely misses you.
The bullfrog croaks.
You hit the ball python. You grab the ball python. You squeeze the ball python.
You kill the ball python!
You hear an angry hiss. x2; You hear a loud, deep croak!
You hear an angry hiss.
The ball python completely misses you. The ball python closely misses you.
The ball python barely misses you. The ball python closely misses you.
You closely miss the ball python. You grab the ball python.
You squeeze the ball python.
The ball python is severely wounded.
You constrict the ball python.
You kill the ball python!
The ball python misses you. The ball python completely misses you.
You hit the bullfrog. You grab the bullfrog.
The bullfrog is moderately wounded.
You constrict the bullfrog. The bullfrog completely misses you.
The ball python misses you. The ball python closely misses you.
You hit the bullfrog. You squeeze the bullfrog.
The bullfrog is heavily wounded.
You constrict the bullfrog. The bullfrog closely misses you.
A bullfrog comes into view.
The ball python bites you. The ball python grabs you.
The ball python constricts you. The bullfrog hits you.
You hit the bullfrog.
The bullfrog is severely wounded.
You constrict the bullfrog. The ball python bites you.
The ball python constricts you. The bullfrog hits you!
You hit the bullfrog but do no damage.
The bullfrog is almost dead.
You constrict the bullfrog. The ball python bites you.
The ball python constricts you. The bullfrog hits you!
* * * LOW HITPOINT WARNING * * *
You completely miss the bullfrog. You squeeze the bullfrog.
You kill the bullfrog!
The ball python bites you but does no damage.
The ball python constricts you. The bullfrog hits you!
You die...

######################
S...≈~≈≈~≈~~≈~≈≈≈≈≈#.###
S..S~≈≈~≈~..~≈~~≈≈≈....##
S..S~~~~~≈~~≈~~~≈~~~...†#
...~≈~~~≈≈≈≈≈≈~~~~~.....#
...~~~~~~≈≈≈F≈S≈≈~≈.....##
....~≈≈≈≈≈≈≈≈@≈≈≈≈~......#
+####################....#
####...## #..#....#
#..'..†.# #####...# ##...##
####################....#
###..≈≈≈~≈≈≈#≈≈~~≈≈~......#


You could see a bullfrog and a ball python.

Vanquished Creatures
  A bullfrog (Sewer)
  A hound (D:4)
  5 adders
  3 river rats
  A ribbon worm (D:4)
  3 orcs (D:3)
  A bat (D:3)
  4 endoplasms
  13 ball pythons
  15 rats (Sewer)
47 creatures vanquished.

Notes
Turn   | Place    | Note
-------+----------+-------------------------------------------
     0 | D:5      | mainiacjoe the Octopode Delver began the quest for the Orb.
     0 | D:5      | Reached XP level 1. HP: 16/16 MP: 1/1
     1 | D:6      | Noticed an ice beast
     1 | D:6      | Noticed a hound
     1 | D:6      | Noticed an orc wizard
    12 | D:5      | Noticed a bombardier beetle
    20 | D:4      | Noticed a hound
    21 | D:4      | Killed a hound
    22 | D:4      | Reached XP level 2. HP: 21/21 MP: 2/2
    22 | D:4      | Reached XP level 3. HP: 26/26 MP: 3/3
    72 | D:4      | Noticed a scorpion
   153 | D:3      | Reached XP level 4. HP: 33/33 MP: 4/4
   211 | D:3      | Found a glowing drain.
   259 | Sewer    | Entered a sewer
   570 | Sewer    | Reached XP level 5. HP: 27/38 MP: 5/5
   813 | Sewer    | Slain by a bullfrog

Illustrated notes

Levels and vault maps discovered:
D:3:      layout_basic, cheibrodos_sewer_entry_sluice
D:4:      layout_basic, uniq_eustachio
D:5:      layout_basic, mainiacjoe_overflow_catch_the_wave,
          kennysheep_generic_room_3
D:6:      layout_rooms, minmay_temple_entry_sparse_star
Sewer:    sewer_minmay_w

Skill      XL: |  1  2  3 |
---------------+----------+-----
Dodging        | 3 |  3.9
Fighting       | 4 |  4.5
Short Blades   | |  2.0
Stealth        | |  6.6

Action                     |  1- 3 |  4- 6 || total
---------------------------+-------+-------++-------
  Melee: Short sword       |    11 |    77 ||    88
         Tentacles         |     4 |    14 ||    18
         Constrict         |     3 |    23 ||    26
    Use: Scroll            |     1 |       ||     1
   Stab: Sleeping          |     5 |     3 ||     8
 Armour: Skin              |     3 |    40 ||    43
  Dodge: Dodged            |     3 |    72 ||    75
